 Dungeon Crawl Stone Soup version 0.27.1-37-g7b29ead8ac (console) character file.

Game seed: 14171031125055591376

127 grimtooth the Skirmisher (level 5, -1/57 HPs)
             Began as an Ogre Berserker on Sept 20, 2023.
             Was a Believer of Trog.
             Slain by Grinder (5 damage)
             ... on level 3 of the Dungeon.
             The game lasted 00:07:40 (3147 turns).

grimtooth the Skirmisher (Ogre Berserker)           Turns: 3147, Time: 00:07:41

Health: -1/57      AC:  3    Str: 22    XL:     5   Next: 11%
Magic:  5/5        EV: 10    Int:  8    God:    Trog [**....]
Gold:   136        SH:  0    Dex:  8    Spells: 4/4 levels left

rFire    . . .     SeeInvis .   a - +0 hand axe
rCold    . . .     Faith    .   (no shield)
rNeg     . . .     Spirit   .   b - +0 animal skin
rPois    +         Reflect  .   (helmet restricted)
rElec    .         Harm     .   (no cloak)
rCorr    .         Rampage  .   (gloves unavailable)
Will     ++...                  (boots unavailable)
Stlth    +.........             (no amulet)
HPRegen  1.19/turn              m - ring of poison resistance
MPRegen  0.09/turn              (no ring)

@: strong-willed, regenerating
A: large, unfitting armour, tough skin 1
a: Renounce Religion, Berserk, Trog's Hand


You were on level 3 of the Dungeon.
You worshipped Trog.
Trog was pleased with you.
You visited 1 branch of the dungeon, and saw 3 of its levels.

You collected 136 gold pieces.

Inventory:

Hand Weapons
 a - a +0 hand axe (weapon)
Missiles
 e - 15 sling bullets
 h - 104 stones (quivered)
 l - 8 poisoned darts
Armour
 b - a +0 animal skin (worn)
Jewellery
 m - a ring of poison resistance (left hand)
Scrolls
 c - 2 scrolls of identify {unknown}
 d - a scroll of enchant weapon {unknown}
 f - 2 scrolls of immolation {unknown}
 i - a scroll of magic mapping {unknown}
 k - 3 scrolls of amnesia {unknown}
 o - a scroll of summoning {unknown}
Potions
 g - a potion of lignification {unknown}
 j - a potion of mutation {unknown}
 n - a potion of flight {unknown}
 p - a potion of curing {unknown}


   Skills:
 + Level 5.3 Fighting
 * Level 4.9 Axes
 - Level 2.6 Dodging


You had 4 spell levels left.
You didn't know any spells.
Your spell library was empty.

Dungeon Overview and Level Annotations

Branches:
Dungeon (3/15)

Altars:

Annotations:
D:3 Grinder


Innate Abilities, Weirdness & Mutations

You are too large for most types of armour.
You have tough skin. (AC +1)


Message History

You feel yourself speed up. Grinder gestures at you.
You resist with almost no effort.
Throw: 106 stones
Press: ? - help, Q - select action, (/) - cycle Shift-Dir - straight line, f/p - Grinder
Aim: Grinder (almost dead, 52% to hit)
You throw a stone.
The stone hits Grinder but does no damage.
Grinder is almost dead.
Grinder gestures at you. You resist with almost no effort.
Grinder says, "Mostly I couldn't keep them alive."
Throw: 105 stones
Press: ? - help, Q - select action, (/) - cycle Shift-Dir - straight line, f/p - Grinder
Aim: Grinder (almost dead, 52% to hit)
You throw a stone. The stone closely misses Grinder.
Your skin stops crawling.
You feel less strong-willed.
Grinder blinks!
You start resting.
Grinder is nearby!
Your skin crawls.
You feel strong-willed.
Grinder says, "Tell me all your secrets, or I'll kill you."
Grinder blinks!
You start resting.
You feel the effects of Trog's Hand fading.
You start resting.
You recover from your berserk rage.
Your skin crawls.
You feel strong-willed. Grinder hits you.
* * * LOW HITPOINT WARNING * * *
You writhe in agony.
* * * LOW HITPOINT WARNING * * *
You hit Grinder but do no damage.
Grinder is almost dead.
Grinder hits you!
* * * LOW HITPOINT WARNING * * *
You writhe in agony.
You die...

#.###..†........... #....####.#.
#..........#####.#.. #......#....
#####.##.............#......#....
#................#......#....
#............................
#......5..............###...#
#.....#..............## #####
#....................#
##.............(.....# ###
#####.#+####5(......# ..#
#.#....@..#####.######.#
#.#######.# #......#.# #.#
#.#####.####.#.# #.#
#..........#.#.# #.#
########...#.#<# #..
.....<......# ### #########.#.#
...#.# #####.# ... #.#


You could see Grinder.

Vanquished Creatures
  Ijyb (D:3)
  4 adders
  2 dart slugs
  7 ball pythons
  5 endoplasms
  3 giant cockroaches (D:1)
  4 goblins
  6 hobgoblins
  4 jackals (D:2)
  3 quokkas
  8 bats
  3 frilled lizards
  4 kobolds
  5 rats
59 creatures vanquished.

Notes
Turn   | Place    | Note
-------+----------+-------------------------------------------
     0 | D:1      | grimtooth the Ogre Berserker began the quest for the Orb.
     0 | D:1      | Reached XP level 1. HP: 24/24 MP: 1/1
   310 | D:1      | Reached XP level 2. HP: 32/32 MP: 2/2
   523 | D:1      | Found a faded altar of an unknown god.
   886 | D:2      | Reached XP level 3. HP: 39/40 MP: 3/3
  1200 | D:2      | Reached ** piety under Trog
  1622 | D:2      | Reached XP level 4. HP: 44/49 MP: 4/4
  2051 | D:2      | Reached skill level 5 in Fighting
  2675 | D:3      | Noticed Ijyb
  2704 | D:3      | Killed Ijyb
  2705 | D:3      | Reached XP level 5. HP: 34/57 MP: 5/5
  3091 | D:3      | Noticed Grinder
  3103 | D:3      | Paralysed by Grinder for 6 turns
  3119 | D:3      | Paralysed by Grinder for 4 turns
  3128 | D:3      | - god DAMN it
  3147 | D:3      | Slain by Grinder

Illustrated notes

#.###..†........... #....####.#
#..........#####.#.. #......#...
#####.##.............#......#...
#................#......#...
#...........................
#......5..............###...
#.....#..............## ####
#....................#
##...................# ##
#####.#+####........# ..
#.#...@5..#####.######.
#.#######.# #......#. #.#
#.#####.####.#. #.#
#..........#.#. #.#
########...#.#< #.. .....<......
### #########.#. ...#. #####. ..
#.


Turn 3128 on D:3: - god DAMN it

Levels and vault maps discovered:
D:1:      sevenhm_arrival_forest_fort_small_4, layout_basic,
          ebering_ecumenical_altar_rust
D:2:      layout_basic, minmay_crystal_room, hangedman_decor_slide_cut
D:3:      layout_basic, mainiacjoe_overflow_cross_hatched, st_stairs_14,
          minmay_quadrilaterals, uniq_grinder, uniq_ijyb

Skill      XL: |  1  2  3  4 |
---------------+-------------+-----
Axes           | 4 |  4.9
Fighting       | 5 |  5.3
Dodging        | |  2.6

Action                   |  1- 3 |  4- 6 || total
-------------------------+-------+-------++-------
Melee: Hand axe          |   115 |    89 ||   204
Throw: Stone             |    17 |    19 ||    36
       Dart              |       |     7 ||     7
Invok: Trog's Hand       |       |     5 ||     5
       Berserk           |       |     1 ||     1
Armor: Animal skin       |    51 |    22 ||    73
Dodge: Dodged            |    69 |    46 ||   115
